| TOP OF THE 1ST |
|
Tulsa Drillers batting - Pitching for Oklahoma City 89ers : RHP Mike Mendoza
|
|
Pitching: RHP Mike Mendoza
|
|
|
Batting: LHB Casey Parsons
|
0-0: Ball 1-0: Called Strike 1-1: Swinging Strike 1-2: Foul Ball, location: 2F 1-2: Ball 2-2: Ball 3-2: Ground out 5-3 (Groundball, 56, EV 80.0 MPH)
|
|
Batting: SHB Luis Quinones
|
0-0: Fly out, F8 (Flyball, 8RM, EV 90.0 MPH)
|
|
Batting: LHB Mike Pagliarulo
|
0-0: Foul Ball, location: 2F 0-1: Foul Ball, location: 2F 0-2: Ball 1-2: Strikes out looking
|
| Top of the 1st over - 0 runs, 0 hits, 0 errors, 0 left on base; Tulsa 0 - Oklahoma City 0 |
| BOTTOM OF THE 1ST |
|
Oklahoma City 89ers batting - Pitching for Tulsa Drillers : RHP Karl Best
|
|
Pitching: RHP Karl Best
|
|
|
Batting: RHB James Glenn
|
0-0: Ball 1-0: Ground out 3-1 (Groundball, 34S, EV 86.9 MPH)
|
|
Batting: RHB John Christensen
|
0-0: Ball 1-0: Foul Ball, location: 2F 1-1: Ball 2-1: Called Strike 2-2: Foul Ball, location: 2F 2-2: Ball 3-2: Base on Balls
|
|
Batting: RHB Cecil Fielder
|
0-0: Ball 1-0: Called Strike 1-1: Fly out, F8 (Flyball, 8LS, EV 86.3 MPH)
|
|
Batting: RHB Glenn Braggs
|
0-0: Called Strike 0-1: Ball 1-1: Foul Ball, location: 2F 1-2: Foul Ball, location: 2F 1-2: Foul Ball, location: 2F 1-2: Ball John Christensen steals 2nd base 2-2: Ground out 6-3 (Groundball, 56, EV 103.1 MPH)
|
| Bottom of the 1st over - 0 runs, 0 hits, 0 errors, 1 left on base; Tulsa 0 - Oklahoma City 0 |
| TOP OF THE 2ND |
|
Tulsa Drillers batting - Pitching for Oklahoma City 89ers : RHP Mike Mendoza
|
|
Batting: LHB Jim Adduci
|
0-0: Foul Ball, location: 2F 0-1: Fly out, F8 (Flyball, 8LM, EV 72.5 MPH)
|
|
Batting: LHB Randy Braun
|
0-0: Ball 1-0: Ball 2-0: Foul Ball, location: 2F 2-1: Ball 3-1: Base on Balls
|
|
Batting: RHB Bob Grandas
|
0-0: Ball 1-0: Foul Ball, location: 2F 1-1: Swinging Strike 1-2: Strikes out looking
|
|
Batting: RHB Steve Herz
|
0-0: Ball 1-0: Fly out, F7 (Flyball, 7LS, EV 82.5 MPH)
|
| Top of the 2nd over - 0 runs, 0 hits, 0 errors, 1 left on base; Tulsa 0 - Oklahoma City 0 |
| BOTTOM OF THE 2ND |
|
Oklahoma City 89ers batting - Pitching for Tulsa Drillers : RHP Karl Best
|
|
Batting: RHB David Green
|
0-0: Ball 1-0: SINGLE (Line Drive, 9S, EV 85.0 MPH)
|
|
Batting: RHB Nick Esasky
|
0-0: Ball 1-0: Called Strike 1-1: Foul Ball, location: 2F 1-2: Ball 2-2: Foul Ball, location: 2F 2-2: Ball David Green steals 2nd base (no throw) 3-2: Base on Balls
|
|
Batting: RHB Joe Redfield
|
0-0: Called Strike 0-1: Swinging Strike 0-2: Ball 1-2: Ball 2-2: Strikes out looking
|
|
Batting: RHB Danny Jasso
|
Pickoff Throw to Second - Error! E1 David Green to third Nick Esasky to second 0-0: Ball 1-0: Ball 2-0: Ball 3-0: Base on Balls
|
|
Batting: RHB Robert Bailey
|
0-0: Called Strike 0-1: Ball 1-1: Ball 2-1: SINGLE (Line Drive, 34, EV 97.5 MPH) David Green scores Nick Esasky to third Danny Jasso to second Runner from 3rd tries for Home, throw by RF and OUT! 9-2
|
|
Batting: RHB James Glenn
|
0-0: Ball 1-0: Called Strike 1-1: Called Strike 1-2: Strikes out looking
|
| Bottom of the 2nd over - 1 run, 2 hits, 1 error, 2 left on base; Tulsa 0 - Oklahoma City 1 |
| TOP OF THE 3RD |
|
Tulsa Drillers batting - Pitching for Oklahoma City 89ers : RHP Mike Mendoza
|
|
Batting: RHB Nick Belmonte
|
0-0: Ball 1-0: Called Strike 1-1: Foul Ball, location: 2F 1-2: Strikes out swinging
|
|
Batting: RHB Onix Concepcion
|
0-0: Swinging Strike 0-1: Ball 1-1: Ball 2-1: Fly out, F6 (Line Drive, 6, EV 63.8 MPH)
|
|
Batting: LHB Casey Parsons
|
0-0: Foul Ball, location: 2F 0-1: Swinging Strike 0-2: Ball 1-2: Foul Ball, location: 2F 1-2: Ball 2-2: Strikes out looking
|
| Top of the 3rd over - 0 runs, 0 hits, 0 errors, 0 left on base; Tulsa 0 - Oklahoma City 1 |
| BOTTOM OF THE 3RD |
|
Oklahoma City 89ers batting - Pitching for Tulsa Drillers : RHP Karl Best
|
|
Batting: RHB John Christensen
|
0-0: Ball 1-0: Ball 2-0: Ball 3-0: Base on Balls
|
|
Batting: RHB Cecil Fielder
|
0-0: Ball 1-0: Grounds into double play, 6-4-3 (Groundball, 6, EV 82.5 MPH)
|
|
Batting: RHB Glenn Braggs
|
0-0: Ball 1-0: Fly out, F9 (Flyball, 9S, EV 87.5 MPH)
|
| Bottom of the 3rd over - 0 runs, 0 hits, 0 errors, 0 left on base; Tulsa 0 - Oklahoma City 1 |
| TOP OF THE 4TH |
|
Tulsa Drillers batting - Pitching for Oklahoma City 89ers : RHP Mike Mendoza
|
|
Batting: SHB Luis Quinones
|
0-0: Ball 1-0: Ball 2-0: Called Strike 2-1: Fly out, F6 (Line Drive, 6, EV 71.3 MPH)
|
|
Batting: LHB Mike Pagliarulo
|
0-0: Called Strike 0-1: Called Strike 0-2: Ball 1-2: Ball 2-2: Fly out, F3 (Line Drive, 3, EV 68.8 MPH)
|
|
Batting: LHB Jim Adduci
|
0-0: Called Strike 0-1: Foul Ball, location: 2F 0-2: Hit by Pitch
|
|
Batting: LHB Randy Braun
|
0-0: Ball 1-0: Swinging Strike 1-1: Ball 2-1: Foul Ball, location: 2F 2-2: Ball 3-2: Hit by Pitch Jim Adduci to second
|
|
Batting: RHB Bob Grandas
|
0-0: Fly out, F9 (Flyball, 9LD, EV 83.8 MPH)
|
| Top of the 4th over - 0 runs, 0 hits, 0 errors, 2 left on base; Tulsa 0 - Oklahoma City 1 |
| BOTTOM OF THE 4TH |
|
Oklahoma City 89ers batting - Pitching for Tulsa Drillers : RHP Karl Best
|
|
Batting: RHB David Green
|
0-0: Foul Ball, location: 2F 0-1: Called Strike 0-2: Foul Ball, location: 2F 0-2: Ball 1-2: Strikes out swinging
|
|
Batting: RHB Nick Esasky
|
0-0: Ball 1-0: Fly out, F9 (Flyball, 9, EV 92.5 MPH)
|
|
Batting: RHB Joe Redfield
|
0-0: Ball 1-0: Ground out 6-3 (Groundball, 6, EV 87.5 MPH)
|
| Bottom of the 4th over - 0 runs, 0 hits, 0 errors, 0 left on base; Tulsa 0 - Oklahoma City 1 |
| TOP OF THE 5TH |
|
Tulsa Drillers batting - Pitching for Oklahoma City 89ers : RHP Mike Mendoza
|
|
Batting: RHB Steve Herz
|
0-0: Called Strike 0-1: Ball 1-1: Swinging Strike 1-2: Ball 2-2: Ground out 5-3 (Groundball, 56, EV 97.5 MPH)
|
|
Batting: RHB Nick Belmonte
|
0-0: Swinging Strike 0-1: Ball 1-1: Foul Ball, location: 2F 1-2: Fly out, F8 (Flyball, 8RXD, EV 94.4 MPH)
|
|
Batting: RHB Onix Concepcion
|
0-0: Foul Ball, location: 2F 0-1: Ball 1-1: Ground out 6-3 (Groundball, 6, EV 109.4 MPH)
|
| Top of the 5th over - 0 runs, 0 hits, 0 errors, 0 left on base; Tulsa 0 - Oklahoma City 1 |
| BOTTOM OF THE 5TH |
|
Oklahoma City 89ers batting - Pitching for Tulsa Drillers : RHP Karl Best
|
|
Batting: RHB Danny Jasso
|
0-0: Ground out 5-3 (Groundball, 56, EV 89.4 MPH)
|
|
Batting: RHB Robert Bailey
|
0-0: Fly out, F6 (Line Drive, 6, EV 63.1 MPH)
|
|
Batting: RHB James Glenn
|
0-0: Ball 1-0: Ball 2-0: Ball 3-0: Called Strike 3-1: Reached on error, E5 (Groundball, 56S, EV 93.8 MPH)
|
|
Batting: RHB John Christensen
|
0-0: Ball 1-0: Ball 2-0: Called Strike 2-1: Ball 3-1: Called Strike 3-2: Foul Ball, location: 2F 3-2: Foul Ball, location: 2F 3-2: Fly out, F8 (Line Drive, 8LM, EV 103.8 MPH)
|
| Bottom of the 5th over - 0 runs, 0 hits, 1 error, 1 left on base; Tulsa 0 - Oklahoma City 1 |
| TOP OF THE 6TH |
|
Tulsa Drillers batting - Pitching for Oklahoma City 89ers : RHP Mike Mendoza
|
|
Batting: LHB Casey Parsons
|
0-0: Called Strike 0-1: Swinging Strike 0-2: Foul Ball, location: 2F 0-2: Ball 1-2: Fly out, F8 (Flyball, 8RS, EV 80.0 MPH)
|
|
Batting: SHB Luis Quinones
|
0-0: Ground out 4-3 (Groundball, 4S, EV 66.3 MPH)
|
|
Batting: LHB Mike Pagliarulo
|
0-0: Called Strike 0-1: Ball 1-1: Ball 2-1: Foul Ball, location: 2F 2-2: SINGLE (Groundball, 3D, EV 96.9 MPH)
|
|
Batting: LHB Jim Adduci
|
0-0: Ball 1-0: Ball 2-0: Swinging Strike 2-1: Foul Ball, location: 2F 2-2: Strikes out swinging
|
| Top of the 6th over - 0 runs, 1 hit, 0 errors, 1 left on base; Tulsa 0 - Oklahoma City 1 |
| BOTTOM OF THE 6TH |
|
Oklahoma City 89ers batting - Pitching for Tulsa Drillers : RHP Karl Best
|
|
Batting: RHB Cecil Fielder
|
0-0: SINGLE (Groundball, 56, EV 106.3 MPH)
|
|
Batting: RHB Glenn Braggs
|
0-0: Called Strike 0-1: Ball 1-1: Fly out, F7 (Line Drive, 7, EV 88.1 MPH)
|
|
Batting: RHB David Green
|
0-0: Called Strike 0-1: Called Strike 0-2: Strikes out swinging
|
|
Batting: RHB Nick Esasky
|
0-0: Ball 1-0: Swinging Strike 1-1: Called Strike 1-2: Ball 2-2: Foul Ball, location: 2F 2-2: Ball 3-2: Base on Balls Cecil Fielder to second
|
|
Pinch Runner at 2nd Peter Reppucci:
|
|
|
Batting: RHB Joe Redfield
|
0-0: Ball 1-0: Ground out 4-3 (Groundball, 4S, EV 90.0 MPH)
|
| Bottom of the 6th over - 0 runs, 1 hit, 0 errors, 2 left on base; Tulsa 0 - Oklahoma City 1 |
| TOP OF THE 7TH |
|
Tulsa Drillers batting - Pitching for Oklahoma City 89ers : RHP Mike Mendoza
|
|
Now at 1B: John Harris
|
|
|
Batting: LHB Randy Braun
|
0-0: Called Strike 0-1: Ball 1-1: Ball 2-1: Called Strike 2-2: Ball 3-2: Foul Ball, location: 2F 3-2: Base on Balls
|
|
Batting: RHB Bob Grandas
|
0-0: Bunt missed! 0-1: Bunt missed! 0-2: Ball 1-2: Ball 2-2: Ball 3-2: Foul Ball, location: 2F 3-2: Ground out 5-3 (Groundball, 56S, EV 86.3 MPH) Randy Braun to second
|
|
Batting: RHB Steve Herz
|
0-0: Ball 1-0: Swinging Strike 1-1: Called Strike 1-2: Ball 2-2: Foul Ball, location: 2F 2-2: Ground out 6-3 (Groundball, 6, EV 100.6 MPH)
|
|
Pinch Hitting: SHB Paul Householder
|
0-0: Swinging Strike 0-1: Foul Ball, location: 2F 0-2: Strikes out swinging
|
| Top of the 7th over - 0 runs, 0 hits, 0 errors, 1 left on base; Tulsa 0 - Oklahoma City 1 |
| BOTTOM OF THE 7TH |
|
Oklahoma City 89ers batting - Pitching for Tulsa Drillers : RHP Karl Best
|
|
Now in LF: Oscar Cordero
|
|
|
Batting: RHB Danny Jasso
|
0-0: Called Strike 0-1: Ball 1-1: Called Strike 1-2: Foul Ball, location: 2F 1-2: Ground out 3-1 (Groundball, 34S, EV 82.5 MPH)
|
|
Batting: RHB Robert Bailey
|
0-0: Ball 1-0: Called Strike 1-1: Fly out, F9 (Flyball, 9, EV 83.1 MPH)
|
|
Batting: RHB James Glenn
|
0-0: Foul Ball, location: 2F 0-1: Called Strike 0-2: Ball 1-2: Ball 2-2: Ball 3-2: Base on Balls
|
|
Batting: RHB John Christensen
|
0-0: Ball 1-0: Fielders Choice at 2nd, 6-4 (Groundball, 6, EV 106.3 MPH)
|
| Bottom of the 7th over - 0 runs, 0 hits, 0 errors, 1 left on base; Tulsa 0 - Oklahoma City 1 |
| TOP OF THE 8TH |
|
Tulsa Drillers batting - Pitching for Oklahoma City 89ers : RHP Mike Mendoza
|
|
Now in CF: Ron Tingley
|
|
|
Batting: RHB Onix Concepcion
|
0-0: Ball 1-0: Fly out, F9 (Flyball, 9, EV 95.0 MPH)
|
|
Batting: LHB Casey Parsons
|
0-0: Called Strike 0-1: DOUBLE (Line Drive, 9LS, EV 89.4 MPH)
|
|
Batting: SHB Luis Quinones
|
0-0: Ground out 5-3 (Groundball, 56, EV 82.5 MPH)
|
|
Batting: LHB Mike Pagliarulo
|
0-0: Ball 1-0: Ball 2-0: Called Strike 2-1: Foul Ball, location: 2F 2-2: Foul Ball, location: 2F 2-2: 2-RUN HOME RUN (Line Drive, 9D, EV 105.6 MPH), Distance : 382 ft
|
|
Batting: LHB Jim Adduci
|
0-0: Called Strike 0-1: Ball 1-1: Ground out 4-3 (Groundball, 4, EV 91.9 MPH)
|
| Top of the 8th over - 2 runs, 2 hits, 0 errors, 0 left on base; Tulsa 2 - Oklahoma City 1 |
| BOTTOM OF THE 8TH |
|
Oklahoma City 89ers batting - Pitching for Tulsa Drillers : RHP Karl Best
|
|
Batting: LHB John Harris
|
0-0: SINGLE (Line Drive, 78S, EV 95.0 MPH)
|
|
Batting: RHB Glenn Braggs
|
0-0: Ball 1-0: Ball 2-0: Fly out, F8 (Line Drive, 8RM, EV 107.5 MPH)
|
|
Batting: RHB David Green
|
0-0: Ball 1-0: SINGLE (Groundball, 6S, EV 64.4 MPH) (infield hit) John Harris to second
|
|
Batting: RHB Nick Esasky
|
0-0: Called Strike 0-1: Fly out, F8 (Flyball, 8LD, EV 100.6 MPH)
|
|
Pinch Hitting: LHB Tom O'Malley
|
0-0: Foul Ball, location: 2F 0-1: Called Strike 0-2: Ball 1-2: Fielders Choice at 2nd, 6-4 (Groundball, 6, EV 88.8 MPH)
|
| Bottom of the 8th over - 0 runs, 2 hits, 0 errors, 2 left on base; Tulsa 2 - Oklahoma City 1 |
| TOP OF THE 9TH |
|
Tulsa Drillers batting - Pitching for Oklahoma City 89ers : RHP Mike Mendoza
|
|
Pitching: RHP Ernie Camacho
|
|
|
Now at 2B: Tom O'Malley
|
|
|
Batting: LHB Randy Braun
|
0-0: Ball 1-0: Ball 2-0: Fly out, F4 (Popup, 4D, EV 43.8 MPH)
|
|
Batting: RHB Bob Grandas
|
0-0: Swinging Strike 0-1: Called Strike 0-2: Foul Ball, location: 2F 0-2: Foul Ball, location: 2F 0-2: Ground out 6-3 (Groundball, 6, EV 81.9 MPH)
|
|
Batting: RHB Steve Herz
|
0-0: Foul Ball, location: 2F 0-1: Fly out, F8 (Flyball, 8RM, EV 90.0 MPH)
|
| Top of the 9th over - 0 runs, 0 hits, 0 errors, 0 left on base; Tulsa 2 - Oklahoma City 1 |
| BOTTOM OF THE 9TH |
|
Oklahoma City 89ers batting - Pitching for Tulsa Drillers : RHP Karl Best
|
|
Pitching: RHP Bert Roberge
|
|
|
Pinch Hitting: RHB Tim Tolman
|
0-0: SOLO HOME RUN (Flyball, 7D, EV 93.1 MPH), Distance : 355 ft
|
|
Batting: RHB Robert Bailey
|
0-0: Called Strike 0-1: Ground out 6-3 (Groundball, 6, EV 86.9 MPH)
|
|
Pinch Hitting: LHB Jorge Oquendo
|
0-0: Called Strike 0-1: Ball 1-1: SINGLE (Line Drive, 5D, EV 95.6 MPH)
|
|
Batting: RHB John Christensen
|
0-0: Ball 1-0: Ball 2-0: Called Strike 2-1: Foul Ball, location: 2F 2-2: Ball 3-2: Fly out, F8 (Line Drive, 8RD, EV 98.1 MPH)
|
|
Batting: LHB John Harris
|
0-0: Ball Jorge Oquendo steals 2nd base 1-0: Ball 2-0: Swinging Strike 2-1: Swinging Strike 2-2: Ground out 4-3 (Groundball, 4S, EV 74.4 MPH)
|
| Bottom of the 9th over - 1 run, 2 hits, 0 errors, 1 left on base; Tulsa 2 - Oklahoma City 2 |
| TOP OF THE 10TH |
|
Tulsa Drillers batting - Pitching for Oklahoma City 89ers : RHP Ernie Camacho
|
|
Now at SS: Tim Tolman
|
|
|
Now in CF: Jorge Oquendo
|
|
|
Batting: LHB Oscar Cordero
|
0-0: Ball 1-0: Foul Ball, location: 2F 1-1: Foul Ball, location: 2F 1-2: Fly out, F6 (Popup, P, EV 73.8 MPH)
|
|
Pinch Hitting: RHB Victor Rios
|
0-0: SINGLE (Flyball, 6MD, EV 100.6 MPH)
|
|
Batting: LHB Casey Parsons
|
0-0: Ball Victor Rios steals 2nd base 1-0: SINGLE (Groundball, 25, EV 62.5 MPH) (infield hit) Victor Rios to third
|
|
Batting: SHB Luis Quinones
|
0-0: Ball 1-0: Ball 2-0: Fly out, F9 (Flyball, 89M, EV 87.5 MPH) Runner from 3rd tags up, SCORES, throw by RF
|
|
Batting: LHB Mike Pagliarulo
|
0-0: Called Strike Casey Parsons is caught stealing 2nd base 2-6
|
| Top of the 10th over - 1 run, 2 hits, 0 errors, 0 left on base; Tulsa 3 - Oklahoma City 2 |
| BOTTOM OF THE 10TH |
|
Oklahoma City 89ers batting - Pitching for Tulsa Drillers : RHP Bert Roberge
|
|
Now at 2B: Kevin Coon
|
|
|
Batting: RHB Glenn Braggs
|
0-0: Ball 1-0: Ball 2-0: Ball 3-0: Called Strike 3-1: Swinging Strike 3-2: Base on Balls
|
|
Batting: RHB David Green
|
0-0: Called Strike 0-1: Called Strike 0-2: Foul Ball, location: 2F 0-2: Foul Ball, location: 2F 0-2: Strikes out swinging
|
|
Batting: RHB Nick Esasky
|
0-0: Ball 1-0: Swinging Strike 1-1: Ball 2-1: Grounds into double play, 6-4-3 (Groundball, 6M, EV 102.5 MPH)
|
| Bottom of the 10th over - 0 runs, 0 hits, 0 errors, 0 left on base; Tulsa 3 - Oklahoma City 2 |
|